 Dungeon Crawl Stone Soup version 0.23.1 (webtiles) character file.

Game seed: 16173930527919351874

130 Gunterle the Vexing (level 5, -2/41 HPs)
             Began as a Formicid Wanderer on Mar 5, 2019.
             Slain by a gnoll
             ... wielding a +0 whip
              (9 damage)
             ... on level 2 of the Dungeon.
             The game lasted 00:16:55 (3266 turns).

Gunterle the Vexing (Formicid Wanderer)             Turns: 3266, Time: 00:16:56

Health: -2/41      AC:  2    Str: 17    XL:     5   Next: 36%
Magic:  1/6        EV: 11    Int: 12    God:
Gold:   143        SH:  6    Dex: 12    Spells: 2/6 levels left

rFire    . . .     SeeInvis +   h - +0 dagger (flame)
rCold    . . .     Gourm    .   (no shield)
rNeg     . . .     Faith    .   d - +0 robe
rPois    .         Spirit   .   (helmet unavailable)
rElec    .         Reflect  +   (no cloak)
rCorr    .         Harm     .   (no gloves)
MR       .....                  (no boots)
Stlth    ++........             n - +6 amulet of reflection
HPRegen  0.13/turn              m - +2 ring of dexterity
MPRegen  0.10/turn              (no ring)

@: very slightly contaminated
A: permanent stasis, dig shafts and tunnels, four strong arms, antennae 3
a: Dig, Shaft Self


You were on level 2 of the Dungeon.
You were hungry.

You visited 1 branch of the dungeon, and saw 2 of its levels.

You collected 143 gold pieces.

Inventory:

Hand Weapons
 h - a +0 dagger of flaming (weapon)
Missiles
 f - 45 poisoned needles
 l - 23 stones (quivered)
Armour
 d - a +0 robe (worn)
Jewellery
 m - a +2 ring of dexterity (left hand)
 n - a +6 amulet of reflection (around neck)
Scrolls
 a - a scroll of remove curse
 i - a scroll of random uselessness {unknown}
 k - a scroll of magic mapping {unknown}
Comestibles
 g - 4 rations


   Skills:
 - Level 3.2 Fighting
 * Level 2.5 Short Blades
   Level 1.0 Maces & Flails
 - Level 1.1 Armour
 - Level 2.4 Stealth
 + Level 1.1 Spellcasting
 * Level 5.6 Hexes


You had 2 spell levels left.
You knew the following spells:

 Your Spells              Type           Power        Failure   Level  Hunger
a - Corona                Hex            ##.....      3%          1    ##.....
b - Confuse               Hex            ##......     9%          3    ####...

Your spell library contained the following spells:

 Spells                   Type           Power        Failure   Level  Hunger
 Ensorcelled Hibernation  Hex/Ice        #.....       14%         2    ###....
 Poisonous Vapours        Pois/Air       #.....       41%         2    ###....
 Swiftness                Chrm/Air       #.......     41%         2    ###....
 Tukima's Dance           Hex            ##......     9%          3    ####...
 Dazzling Spray           Conj/Hex       #.....       28%         3    ####...


Dungeon Overview and Level Annotations

Branches:
Dungeon (2/15)

Altars:
Elyvilon

Annotations:
D:2 1 exclusion


Innate Abilities, Weirdness & Mutations

You cannot be hasted, slowed, berserked, paralysed or teleported.
You can dig through walls and to a lower floor.
Your four strong arms can wield two-handed weapons with a shield.
You have a pair of large antennae on your head. (SInv)


Message History

Unknown command.
Okay, then.
You hit the gnoll. You burn the gnoll.
The gnoll is heavily wounded.
The gnoll misses you.
You closely miss the gnoll.
The gnoll is heavily wounded.
The gnoll hits you with a +0 whip!
* * * LOW HITPOINT WARNING * * *
As you read the scroll labeled BUYSUX WIDELEU, it crumbles to dust.
You feel a strange sense of stasis.
It was a scroll of teleportation.
The gnoll hits you with a +0 whip!
* * * LOW HITPOINT WARNING * * *
Unknown command.
You feel better. The gnoll hits you with a +0 whip.
* * * LOW HITPOINT WARNING * * *
It was a potion of berserk rage.
Your stasis prevents you from going berserk.
The gnoll hits you with a +0 whip!
You die...

#..#########.###.##......÷..
#.....######.###.###.#######
#>..........................
#####.........##.###.####.##
#######.#..........##.#
#.#..#........#.#
#.#..#......#.#.#
#g#..##.###.#.#.## ###
#@#.......#...#...
####.#############g##..#.########
...............#.........#
####.#########.###.......##
#.##.............≈≈≈...#
#.##.######)##..≈≈≈≈≈..#
#.##.######.##..≈≈♣≈≈..#
#.##........##..≈≈≈≈≈..#
#.######...##♣...≈≈≈...♣


You could see a gnoll.

Vanquished Creatures
  4 adders (D:2)
  3 gnolls
  2 oozes (D:1)
  A dart slug (D:2)
  A leopard gecko (D:2)
  5 bats
  3 giant cockroaches
  6 goblins
  6 hobgoblins
  6 jackals
  4 kobolds
  2 ball pythons
  2 frilled lizards (D:1)
  9 rats
54 creatures vanquished.

Notes
Turn   | Place    | Note
-------+----------+-------------------------------------------
     0 | D:1      | Gunterle the Formicid Wanderer began the quest for the Orb.
     0 | D:1      | Gunterle set off with the following items: a potion of
                  | curing, a +0 robe, a +0 club, a +0 dagger, a ration; and
                  | the following spell memorised: Corona; and the following
                  | spells available to memorise: Confuse, Tukima's Dance,
                  | Ensorcelled Hibernation, Poisonous Vapours, Swiftness,
                  | Dazzling Spray
     0 | D:1      | Reached XP level 1. HP: 18/18 MP: 1/1
   190 | D:1      | Reached skill level 4 in Hexes
   190 | D:1      | Reached XP level 2. HP: 9/24 MP: 0/2
   590 | D:1      | Reached skill level 1 in Short Blades
   755 | D:1      | Reached XP level 3. HP: 29/29 MP: 3/3
  1616 | D:2      | Reached skill level 5 in Hexes
  1616 | D:2      | Reached XP level 4. HP: 25/35 MP: 1/4
  2731 | D:2      | Reached XP level 5. HP: 41/41 MP: 4/6
  2752 | D:2      | Learned a level 3 spell: Confuse
  2829 | D:2      | Found a white marble altar of Elyvilon.
  2912 | D:2      | Reached skill level 1 in Spellcasting
  3266 | D:2      | Slain by a gnoll

Skill      XL: |  1  2  3  4  5 |
---------------+----------------+-----
Hexes          | 4 5 |  5.6
Short Blades   | 1 2 |  2.5
Spellcasting   | 1 |  1.1
Fighting       | |  3.2
Maces & Flails | |  1.0
Armour         | |  1.1
Stealth        | |  2.4

Action                   |  1- 3 |  4- 6 || total
-------------------------+-------+-------++-------
Melee: Dagger            |   106 |    80 ||   186
Throw: Stone             |     2 |     1 ||     3
 Cast: Corona            |    23 |    20 ||    43
       Confuse           |       |     4 ||     4
 Abil: Dig               |     1 |     2 ||     3
  Use: Scroll            |     1 |     1 ||     2
       Potion            |       |     2 ||     2
 Stab: Sleeping          |     4 |     3 ||     7
       Distracted        |       |     1 ||     1
       Confused          |       |     1 ||     1
  Eat: Chunk             |     4 |     6 ||    10
Armor: Robe              |    20 |    18 ||    38
Dodge: Dodged            |    47 |    42 ||    89
Block: Other             |       |     5 ||     5
